 Dungeon Crawl Stone Soup version 0.22.1-1-ga44c0e5 (webtiles) character file.

3222 Loudmushroom the Chopper (level 9, -7/56 HPs)
             Began as a Gargoyle Fighter on Oct 7, 2018.
             Was a Priest of Okawaru.
             Killed by divine providence
             ... invoked by an orc priest
              (11 damage)
             ... on level 8 of the Dungeon.
             The game lasted 00:43:07 (7702 turns).

Loudmushroom the Chopper (Gargoyle Fighter)         Turns: 7702, Time: 00:43:07

Health: -7/56      AC: 31    Str: 22    XL:     9   Next: 98%
Magic:  12/12      EV:  8    Int: 10    God:    Okawaru [***...]
Gold:   356        SH: 12    Dex:  9    Spells: 8/8 levels left

rFire    . . .     SeeInvis .   a - +1 war axe
rCold    . . .     Gourm    .   c - +0 shield
rNeg     + . .     Faith    .   R - +0 plate armour
rPois    ∞         Spirit   .   O - +0 helmet
rElec    +         Reflect  .   u - +0 cloak
rCorr    +         Harm     .   m - +1 pair of gloves
MR       .....                  I - +1 pair of boots
Stlth    ..........             A - amulet of the acrobat
HPRegen  0.18/turn              b - ring of resist corrosion
MPRegen  0.13/turn              C - +2 ring of protection

@: heroism
A: negative energy resistance 1, electricity resistance, unbreathing,
petrification resistance, rot immunity, AC +6
a: Heroism, Renounce Religion


You were on level 8 of the Dungeon.
You worshipped Okawaru.
Okawaru was most pleased with you.
You were hungry.

You visited 1 branch of the dungeon, and saw 8 of its levels.

You collected 356 gold pieces.

Inventory:

Hand Weapons
 a - a +1 war axe (weapon)
 s - a +0 mace
 z - a +0 flail
 D - a +0 blowgun
Missiles
 i - 239 stones
 o - 4 tomahawks (quivered)
 p - 22 sling bullets
 F - 7 poisoned needles
 N - 90 bolts
Armour
 c - a +0 shield (worn)
 m - a +1 pair of gloves (worn)
 u - a +0 cloak (worn)
 I - a +1 pair of boots (worn)
 O - a +0 helmet (worn)
 R - a +0 plate armour (worn)
Jewellery
 b - a ring of resist corrosion (left hand)
 e - an uncursed ring of fire
 A - an amulet of the acrobat (around neck)
 C - a +2 ring of protection (right hand)
Wands
 t - a wand of random effects (20)
 w - a wand of iceblast (5)
 L - a wand of paralysis (24)
 P - a wand of flame (24)
Scrolls
 h - 2 scrolls of identify
 k - a scroll of blinking
 q - 3 scrolls of teleportation
 y - a scroll of fog
 B - a scroll of magic mapping
 H - a scroll of vulnerability {unknown}
 Q - a scroll of immolation
 S - a scroll of remove curse
Potions
 d - a potion of might
 g - 4 potions of berserk rage
 j - 2 potions of invisibility {unknown}
 l - 6 potions of curing
 n - a potion of resistance {unknown}
 r - 5 potions of haste
 v - a potion of ambrosia {unknown}
 E - a potion of heal wounds {unknown}
 G - 2 potions of flight
 J - a potion of lignification {unknown}
Comestibles
 f - 9 rations
 x - 5 chunks of flesh


   Skills:
 + Level 6.8(11.8) Fighting
 * Level 7.3(12.3) Axes
 + Level 6.9(11.9) Armour
 + Level 6.9(11.9) Shields
 + Level 4.2 Invocations
 + Level 3.6 Evocations


You had 8 spell levels left.
You didn't know any spells.
Your spell library contained the following spells:

 Spells                   Type           Power        Failure   Level  Hunger
 Shock                    Conj/Air       #...         100%        1    ##.....
 Swiftness                Chrm/Air       #.......     100%        2    ###....
 Static Discharge         Conj/Air       #.......     100%        3    ####...
 Airstrike                Air            #.........   100%        4    #####..
 Lightning Bolt           Conj/Air       #.........   100%        5    ######.


Dungeon Overview and Level Annotations

Branches:
Dungeon (8/15)             Temple (0/1) D:7            Lair (0/6) D:8

Altars:
Dithmenos
Gozag
Kikubaaqudgha
Makhleb
Okawaru
Trog
Yredelemnul


Innate Abilities, Weirdness & Mutations

You are resistant to torment.
Your stone body is resilient. (AC +6)
You are immune to poison.
You resist negative energy. (rN+)
You are resistant to electric shocks. (rElec)
You can survive without breathing.
You are immune to petrification.
You are immune to rotting.


Message History

The warg is heavily wounded.
You block the warg's attack.
You miss the warg.
The warg is heavily wounded.
You block the warg's attack.
You hit the warg.
The warg is severely wounded.
You block the warg's attack.
You barely miss the warg.
The warg is severely wounded.
The orc priest mumbles some strange prayers to Beogh against you.
Beogh smites you!
* * * LOW HITPOINT WARNING * * *
The warg barely misses you.
You closely miss the warg.
The warg is severely wounded.
The warg bites you but does no damage.
The orc priest mumbles some strange prayers to Beogh against you.
Beogh smites you!
You die...

..............
......>....?. ####
..P..h...... . ...# ####
...o......# ...########..#
........# ...'.........#
.....#
...########.######.o######
#. ....# #.##..@ho.......
... ....# #.##.###########
##.. ....#######.##.# ....
##...........#.# ##.#
#.########....# ....
#....#####....#.. #..#
##........+....#..# #...
.......####....#..### #...
...###.# ##.#.#....# ##...


You could see a warg, an orc priest and an orc.

Vanquished Creatures
  A hungry ghost (D:7)
  A warg (D:8)
  3 orc warriors
  A sky beast (D:5)
  A phantom (D:2)
  2 black bears (D:7)
  An ice beast (D:5)
  A necrophage (D:5)
  4 ogres
  3 centaurs
  2 big kobolds (D:7)
  2 bullfrogs
  4 scorpions
  3 vampire bats (D:5)
  5 howler monkeys
  A crimson imp (D:6)
  2 orc priests
  Crazy Yiuf (D:2)
  3 bullfrog skeletons
  2 hounds
  5 orc wizards
  3 worker ants
  A killer bee zombie (D:7)
  A hound zombie (D:8)
  7 gnolls
  8 adders
  2 shadow imps (D:5)
  3 oozes (D:1)
  4 worms
  4 dart slugs
  4 leopard geckos
  14 orcs
  12 bats
  8 giant cockroaches
  12 goblins
  10 hobgoblins
  3 quokkas (D:7)
  5 ball pythons
  6 frilled lizards
  17 kobolds
  2 quokka skeletons
  6 rats
  A plant (D:1)
181 creatures vanquished.

Vanquished Creatures (others)
  An orc wizard (D:8)
1 creature vanquished.

Grand Total: 182 creatures vanquished

Notes
Turn   | Place    | Note
-------+----------+-------------------------------------------
     0 | D:1      | Loudmushroom the Gargoyle Fighter began the quest for the
                  | Orb.
     0 | D:1      | Reached XP level 1. HP: 14/14 MP: 1/1
    62 | D:1      | Reached skill level 2 in Axes
    64 | D:1      | Reached XP level 2. HP: 19/19 MP: 2/2
   278 | D:1      | Reached XP level 3. HP: 22/23 MP: 3/3
  1086 | D:2      | Found a runed door.
  1091 | D:2      | Noticed Crazy Yiuf
  1097 | D:2      | Killed Crazy Yiuf
  1097 | D:2      | Reached XP level 4. HP: 26/29 MP: 4/4
  1181 | D:2      | Noticed a phantom
  1229 | D:2      | Killed a phantom
  1229 | D:2      | Reached skill level 3 in Axes
  1229 | D:2      | Reached XP level 5. HP: 18/33 MP: 5/5
  1537 | D:2      | Found an opulent altar of Gozag.
  2039 | D:3      | Found a shadowy altar of Dithmenos.
  2068 | D:3      | Found a burning altar of Makhleb.
  2069 | D:3      | Found an ancient bone altar of Kikubaaqudgha.
  2070 | D:3      | Found a basalt altar of Yredelemnul.
  2158 | D:3      | Reached XP level 6. HP: 20/39 MP: 6/6
  2857 | D:4      | Reached skill level 4 in Axes
  3073 | D:4      | Reached XP level 7. HP: 31/44 MP: 7/7
  3308 | D:4      | Reached skill level 5 in Fighting
  3444 | D:4      | Found a bloodstained altar of Trog.
  3462 | D:4      | Reached skill level 5 in Armour
  3462 | D:4      | Reached skill level 5 in Shields
  3843 | D:5      | Entered Level 5 of the Dungeon
  3878 | D:5      | Found an iron altar of Okawaru.
  3977 | D:5      | Became a worshipper of Warmaster Okawaru
  4089 | D:5      | Reached skill level 5 in Axes
  4191 | D:5      | Reached skill level 1 in Evocations
  4191 | D:5      | Reached XP level 8. HP: 49/49 MP: 8/8
  4216 | D:5      | Reached skill level 1 in Invocations
  4348 | D:5      | Reached * piety under Okawaru
  5815 | D:6      | Reached skill level 6 in Axes
  5855 | D:6      | Reached ** piety under Okawaru
  6157 | D:7      | Reached XP level 9. HP: 55/55 MP: 10/10
  6323 | D:7      | Got a clouded platinum ring
  6333 | D:7      | Got a steaming tin ring
  6900 | D:7      | Found a staircase to the Ecumenical Temple.
  6974 | D:7      | Reached *** piety under Okawaru
  7163 | D:7      | Reached skill level 7 in Axes
  7288 | D:7      | Identified the ring "Johed" {*Slow rElec rC+ Dex+5} (You
                  | found it on level 7 of the Dungeon)
  7290 | D:7      | Identified the ring "Didd" {Int+4 Stlth-} (You found it on
                  | level 7 of the Dungeon)
  7637 | D:8      | Found a staircase to the Lair.
  7702 | D:8      | Killed from afar by an orc priest

Skill      XL: |  1  2  3  4  5  6  7  8  9 |
---------------+----------------------------+-----
Axes           | 2 3 4 5 6 7 |  7.3
Fighting       | 4 5 6 |  6.8
Armour         | 4 5 6 |  6.9
Shields        | 4 5 6 |  6.9
Evocations     | 1 2 3 |  3.6
Invocations    | 2 4 |  4.2

Action                   |  1- 3 |  4- 6 |  7- 9 || total
-------------------------+-------+-------+-------++-------
Melee: War axe           |   157 |   201 |   494 ||   852
       Mace              |       |       |    21 ||    21
Throw: Tomahawk          |       |       |     2 ||     2
Invok: Heroism           |       |       |     1 ||     1
  Use: Scroll            |       |       |    19 ||    19
  Eat: Chunk             |     1 |     7 |    17 ||    25
Armor: Scale mail        |    78 |    96 |    35 ||   209
       Chain mail        |       |       |   236 ||   236
       Plate armour      |       |       |    63 ||    63
Dodge: Dodged            |    64 |    53 |   139 ||   256
Block: Shield            |    88 |   114 |   289 ||   491
